 Dungeon Crawl Stone Soup version 0.30.0-11-gf55b779eaf (webtiles) character file.

Game seed: 15361039534249350991

69 sampeng1 the Chiller (level 4, -3/31 HPs)
             Began as a Human Ice Elementalist on May 17, 2023.
             Slain by a gnoll
             ... wielding a +0 halberd
              (9 damage)
             ... on level 2 of the Dungeon.
             The game lasted 00:10:34 (1943 turns).

sampeng1 the Chiller (Human Ice Elementalist)       Turns: 1943, Time: 00:10:34

Health: -3/31      AC:  2    Str:  8    XL:     4   Next: 42%
Magic:  7/7        EV: 12    Int: 17    God:
Gold:   74         SH:  0    Dex: 14    Spells: 7/8 levels left

rFire   . . .        h - +2 dagger (venom)
rCold   . . .        (no shield)
rNeg    . . .        a - +0 robe
rPois   .            (no helmet)
rElec   .            (no cloak)
rCorr   .            (no gloves)
SInv    .            (no boots)
Will    .....        (no amulet)
Stlth   ++           (no ring)
HPRegen 0.25/turn    (no ring)
MPRegen 0.10/turn

%: no passive effects
@: no status effects
A: no striking features
a: no special abilities


You were on level 2 of the Dungeon.
You visited 1 branch of the dungeon, and saw 2 of its levels.

You collected 74 gold pieces.

Inventory:

Hand Weapons
 h - a +2 dagger of venom (weapon)
 l - a +0 sling
Missiles
 g - 22 stones (quivered)
Armour
 a - a +0 robe (worn)
Magical Staves
 c - a staff of air
Scrolls
 i - a scroll of brand weapon {unknown}
 j - 2 scrolls of fear
Potions
 b - a potion of magic
 d - a potion of attraction
 e - a potion of curing {unknown}
 k - a potion of heal wounds {unknown}
 n - a potion of haste {unknown}


   Skills:
 + Level 0.6 Fighting
 + Level 0.0 Short Blades
 - Level 0.9 Staves
 + Level 2.6 Dodging
 + Level 2.5 Stealth
 + Level 2.5 Spellcasting
 + Level 4.4 Ice Magic


You had 7 spell levels left.
You knew the following spells:

 Your Spells              Type           Power      Damage    Failure   Level
a - Freeze                Ice            68%        1d8       3%          1

Your spell library contained the following spells:

 Spells                   Type           Power      Damage    Failure   Level
 Frozen Ramparts          Ice            34%        1d6       9%          3
 Ozocubu's Armour         Ice            17%        N/A       9%          3
 Summon Ice Beast         Ice/Summ       9%         N/A       58%         4


Dungeon Overview and Level Annotations

Branches:
Dungeon (2/15)

Altars:


Message History

Aim: a jackal (heavily wounded)
You freeze the jackal.
You kill the jackal!
A frilled lizard comes into view.
Found a scroll labelled LOTTOCKOIPTEE.
The helpless frilled lizard fails to defend itself.
You puncture the frilled lizard!
You kill the frilled lizard!
i - a scroll labelled LOTTOCKOIPTEE You see here a +0 dagger.
You see here a +0 dagger.
You drop a +0 dagger.
You see here a jackal corpse.
Found a stone staircase leading up.
There is a stone staircase leading down here.
You drop a +1 short sword.
There is a stone staircase leading up here.
Found a stone staircase leading down.
There is a stone staircase leading down here.
A gnoll comes into view.
It is wielding a +0 halberd. 2 gnolls come into view.
The gnoll shouts!
A gnoll comes into view.
It is wielding a +0 flail of protection.
The gnoll shouts!
There is a stone staircase leading down here.
The gnoll barely misses you. The gnoll misses you.
The gnoll hits you with a +0 halberd!
Throw: 23 stones
Press: ? - help, Q - select action, (/) - cycle Shift-Dir - straight line, f - gnoll
Aim: a gnoll, wielding a +0 halberd (61% to hit)
You throw a stone. The stone hits the gnoll.
The gnoll is lightly wounded.
The gnoll hits you from afar with a +0 spear!
The gnoll closely misses you.
You hit the gnoll.
The gnoll is poisoned.
Your punch misses the gnoll.
The gnoll is moderately wounded.
The gnoll closely misses you. The gnoll hits you with a +0 halberd!
* * * LOW HITPOINT WARNING * * *
The gnoll hits you from afar with a +0 halberd!
You die...

##.######.#
#.# ##.#
#.# ###.#
##.# #.#
#...# ##.#
#.# #.###
..)# #.#
#.# ##.#
#.######.#
##.#
#........#
##.#
########>#
##.# #@#
##.# #.#
##.# #g#
##.# #g#
#g# #g. #..
#..# #..#


You could see 4 gnolls.

Vanquished Creatures
  2 adders (D:2)
  A worm (D:2)
  A dart slug (D:1)
  4 ball pythons
  2 bats (D:2)
  4 endoplasms
  A giant cockroach (D:1)
  2 goblins (D:1)
  4 hobgoblins
  2 jackals (D:2)
  4 kobolds
  5 quokkas
  9 frilled lizards
41 creatures vanquished.

Notes
Turn   | Place    | Note
-------+----------+-------------------------------------------
     0 | D:1      | sampeng1 the Human Ice Elementalist began the quest for the
                  | Orb.
     0 | D:1      | Reached XP level 1. HP: 13/13 MP: 3/3
    80 | D:1      | Reached XP level 2. HP: 19/19 MP: 1/5
   466 | D:1      | Reached XP level 3. HP: 21/24 MP: 4/6
   752 | D:1      | Found a faded altar of an unknown god.
  1453 | D:2      | Reached XP level 4. HP: 16/31 MP: 4/7
  1736 | D:2      | HP: 1/31 [jackal (2)]
  1742 | D:2      | HP: 1/31 [jackal (1)]
  1943 | D:2      | Slain by a gnoll

Illustrated notes

Levels and vault maps discovered:
D:1:      shiori_shiawase, layout_basic, ebering_ecumenical_altar_rust,
          minmay_lizard_pond
D:2:      layout_loops_ring, minmay_misc_feat_tower

Action                     |  1- 3 |  4- 6 || total
---------------------------+-------+-------++-------
  Melee: Staff             |    48 |       ||    48
         Dagger            |    39 |    14 ||    53
         Punch             |     1 |       ||     1
         Short sword       |       |    25 ||    25
   Fire: Sling             |    10 |       ||    10
  Throw: Stone             |       |     3 ||     3
   Cast: Freeze            |    21 |     8 ||    29
    Use: Scroll            |       |     4 ||     4
   Stab: Sleeping          |     4 |     1 ||     5
 Armour: Robe              |    15 |    11 ||    26
  Dodge: Dodged            |    67 |    41 ||   108
